 Dungeon Crawl Stone Soup version 0.20.1-1-g8b1a95d (webtiles) character file.

11892 Irenicus the Severer (level 11, -2/110 HPs)
             Began as a Deep Dwarf Berserker on Oct 16, 2017.
             Was an Elder of Trog.
             Slain by an eight-headed hydra (9 damage)
             ... on level 12 of the Dungeon.
             The game lasted 00:38:26 (8712 turns).

Irenicus the Severer (Deep Dwarf Berserker)         Turns: 8712, Time: 00:38:26

Health: -2/110     AC:  9    Str: 21    XL:     11   Next: 55%
Magic:  7/10       EV: 14    Int:  8    God:    Trog [****..]
Gold:   455        SH:  0    Dex: 15    Spells: 10/10 levels left

rFire    . . .     SeeInvis .   I - +5 hand axe
rCold    . . .     Gourm    .   (no shield)
rNeg     . . .     Faith    .   z - +0 troll leather armour
rPois    +         Spirit   .   J - +2 hat
rElec    .         Reflect  .   m - +0 cloak
rCorr    .         Harm     .   (no gloves)
MR       ++...                  g - +1 pair of boots
Stlth    +.........             (no amulet)
Regen    0.0/turn               n - ring of protection from magic
MPRegen  0.2/turn               u - ring of poison resistance

@: berserk cooldown, non-regenerating, slowed, very slow
A: damage resistance, heal wounds, mutation resistance 1, sense surroundings 2,
MP-powered wands, no regeneration
a: Heal Wounds, Berserk, Trog's Hand, Brothers in Arms, Burn Spellbooks,
Renounce Religion


You were on level 12 of the Dungeon.
You worshipped Trog.
Trog was greatly pleased with you.
You were not hungry.

You visited 2 branches of the dungeon, and saw 13 of its levels.
You also visited: Ossuary.

You collected 455 gold pieces.

Inventory:

Hand Weapons
 I - a +5 hand axe (weapon)
Armour
 g - a +1 pair of boots (worn)
 m - a +0 cloak (worn)
 t - a +0 helmet
 z - a +0 troll leather armour (worn)
 J - a +2 hat (worn)
Jewellery
 n - a ring of protection from magic (left hand)
 u - a ring of poison resistance (right hand)
 y - the amulet of the Sun {Harm *Drain rF++ Dex-5}
   (You found it on level 9 of the Dungeon)

   [amulet of harm]

   It increases damage dealt and taken.
   It affects your dexterity (-5).
   It greatly protects you from fire.
   It causes draining when unequipped.
Wands
 b - a wand of flame (31/48)
 i - a wand of iceblast (0/15)
 j - a wand of iceblast (5/15)
 o - a wand of lightning (0/15)
 r - a wand of paralysis (13/24)
 B - a wand of polymorph (7/24)
 H - a wand of flame (28/48)
Scrolls
 a - 2 scrolls of enchant weapon {unknown}
 e - 12 scrolls of identify
 h - a scroll of silence {unknown}
 k - a scroll of teleportation
 q - a scroll of fear {unknown}
 v - 3 scrolls of magic mapping
 w - 3 scrolls of recharging
 A - 3 scrolls of remove curse
 D - 2 scrolls of enchant armour
 G - a scroll of blinking {unknown}
Potions
 d - 11 potions of curing
 s - a potion of resistance
 x - 2 potions of degeneration
 C - a potion of haste
 E - a potion of berserk rage
 F - 3 potions of heal wounds
Books
 l - a book of Geomancy

   Spells                             Type                      Level
   a - Sandblast                      Earth                        1
   b - Passwall                       Transmutation/Earth          2
   c - Stone Arrow                    Conjuration/Earth            3
   d - Petrify                        Transmutation/Earth          4
   e - Lee's Rapid Deconstruction     Earth                        5
   Trog disapproves of the use of such an item.
Comestibles
 c - 11 bread rations
 f - 3 meat rations
 p - 3 royal jellies


   Skills:
 + Level 10.9 Fighting
 - Level 15.0 Axes
 - Level 2.1 Armour
 + Level 4.2 Dodging


You had 10 spell levels left.
You didn't know any spells.

Dungeon Overview and Level Annotations

Branches:
Dungeon (12/15)            Temple (1/1) D:5            Lair (0/6) D:11
    Orc: D:9-12

Altars:
Ashenzari
Cheibriados
Dithmenos
Elyvilon
Fedhas
Gozag
Hepliaklqana
Kikubaaqudgha
Makhleb
Nemelex Xobeh
Okawaru
Qazlal
Ru
Sif Muna
Trog
Uskayaw
Vehumet
Xom
Yredelemnul
Zin
The Shining One

Shops:
D:8 *   D:12 !

Annotations:
D:9 exclusion: ice statue
D:10 Urug
D:11 Fannar


Innate Abilities, Weirdness & Mutations

You are resistant to damage.
You can heal yourself by infusing magical energy.
You passively map the area around you.
You do not regenerate.
You are somewhat resistant to further mutation.
You expend magic power (3 MP) to strengthen your wands.


Message History

You start waiting.
Your skin stops crawling.
You feel less resistant to hostile enchantments.
You eat one of the 12 bread rations.
That bread ration really hit the spot!
You start waiting.
The eight-headed hydra roars!
Okay, then.
Evoke which item? (* to show all) (? for menu, Esc to quit)
Aiming: Iceblast (will waste charges)
Press: ? - help, Shift-Dir - straight line, f - eight-headed hydra
Aim: an eight-headed hydra The mass of ice explodes!
The iceblast engulfs the eight-headed hydra.
The eight-headed hydra is moderately wounded.
Evoking this partially-identified wand wasted a few charges.
You hear a shout!
The eight-headed hydra bites you!
* * * LOW HITPOINT WARNING * * *
The eight-headed hydra bites you!
You die...

##.# #....# ##..#
####'#### #..##
#......# #T##
#......# ###[#####
#......# * #.......#
#......# * #.......#
#......# ,
#.<..D..### #......#
,
#.....@.'.###......+,
#.......#.<.'......#
#.......#####......#
#.......# ########
#########


You could see an eight-headed hydra and a troll.

Vanquished Creatures
  Gastronok (D:12)
  Erica (D:8)
  A two-headed ogre (D:9)
  The ghost of ThereIsNoGod the Basher, a novice TrFi of Okawaru (D:8)
  A manticore (D:12)
  A deep elf mage (D:12)
  A troll (D:11)
  A meliai zombie (D:12)
  A hippogriff (D:10)
  A spriggan (D:8)
  3 yaks (D:9)
  A wraith (D:10)
  2 wyverns
  A hungry ghost (D:8)
  Duvessa (D:6)
  3 orc warriors
  2 sky beasts
  A black bear (D:6)
  A hornet zombie (D:12)
  5 ogres
  2 phantoms
  An ice beast (D:6)
  4 necrophages
  5 centaurs
  2 gnoll sergeants
  8 bullfrogs
  4 water moccasin zombies
  A wyvern skeleton (D:6)
  5 scorpions
  Dowan (D:6)
  3 wights (D:6)
  A howler monkey (D:4)
  3 crimson imps
  3 bullfrog zombies
  3 bullfrog skeletons
  A centaur zombie (D:7)
  7 hounds
  4 orc priests
  3 jellies
  3 centaur skeletons
  3 iguanas
  4 worker ants
  11 orc wizards
  2 big kobold zombies (Ossuary)
  5 mummies
  Robin (D:3)
  A worker ant zombie (D:7)
  20 gnolls
  11 adders
  A howler monkey skeleton (D:4)
  A shadow imp (D:6)
  An ooze (D:4)
  4 adder zombies (Ossuary)
  3 dart slugs
  5 leopard geckos
  46 orcs
  2 giant cockroaches
  6 gnoll zombies (Ossuary)
  10 hobgoblins
  12 jackals
  6 quokkas
  A ball python (D:7)
  6 bats
  8 frilled lizards
  14 goblins
  3 hobgoblin zombies (Ossuary)
  5 kobolds
  8 kobold zombies (Ossuary)
  3 leopard gecko skeletons
  3 orc zombies (Ossuary)
  A quokka skeleton (D:8)
  3 rats
304 creatures vanquished.

Vanquished Creatures (others)
  A quokka (D:5)
1 creature vanquished.

Grand Total: 305 creatures vanquished

Notes
Turn   | Place    | Note
-------+----------+-------------------------------------------
     0 | D:1      | Irenicus the Deep Dwarf Berserker began the quest for the Orb.
     0 | D:1      | Reached XP level 1. HP: 20/20 MP: 1/1
   186 | D:1      | Reached XP level 2. HP: 21/28 MP: 2/2
   465 | D:1      | Reached skill level 4 in Axes
   929 | D:2      | Found an opulent altar of Gozag.
   938 | D:2      | Reached ** piety under Trog
   938 | D:2      | Reached XP level 3. HP: 19/34 MP: 3/3
   994 | D:2      | Found a faded altar of an unknown god.
  1624 | D:3      | Reached skill level 5 in Axes
  1731 | D:3      | Reached XP level 4. HP: 12/42 MP: 4/4
  1933 | D:3      | Found a glowing golden altar of the Shining One.
  1998 | D:3      | Noticed Robin
  2000 | D:3      | HP: 1/42 [goblin[Robin] (3)]
  2021 | D:3      | Killed Robin
  2021 | D:3      | Reached skill level 6 in Axes
  2223 | D:3      | Reached XP level 5. HP: 30/49 MP: 5/5
  2673 | D:4      | Reached *** piety under Trog
  2748 | D:4      | Found an iron altar of Okawaru.
  2815 | D:4      | Noticed an ogre
  2823 | D:4      | Killed an ogre
  2823 | D:4      | Reached skill level 7 in Axes
  2823 | D:4      | Reached XP level 6. HP: 32/56 MP: 6/6
  2877 | D:4      | Found a bloodstained altar of Trog.
  3054 | D:4      | Reached skill level 8 in Axes
  3162 | D:4      | Reached XP level 7. HP: 46/61 MP: 7/7
  3227 | D:4      | Reached skill level 9 in Axes
  3462 | D:5      | Entered Level 5 of the Dungeon
  3467 | D:5      | Found a sand-covered staircase.
  3496 | Ossuary  | Entered an ossuary
  3639 | Ossuary  | Reached **** piety under Trog
  3725 | Ossuary  | Reached skill level 10 in Axes
  3866 | D:5      | Found a staircase to the Ecumenical Temple.
  3874 | Temple   | Entered the Ecumenical Temple
  3948 | D:5      | Reached XP level 8. HP: 27/68 MP: 8/8
  3967 | D:5      | Found a white marble altar of Elyvilon.
  4066 | D:5      | Found a deep blue altar of Sif Muna.
  4428 | D:5      | Reached skill level 11 in Axes
  4829 | D:6      | Reached skill level 12 in Axes
  4948 | D:6      | Noticed Dowan
  4953 | D:6      | Killed Dowan
  4956 | D:6      | Noticed Duvessa
  4966 | D:6      | HP: 1/102 [orc priest/divine providence (15)]
  4989 | D:6      | Killed Duvessa
  4989 | D:6      | Gained mutation: You passively map the area around you. [Deep Dwarf growth]
  4989 | D:6      | Reached XP level 9. HP: 64/75 MP: 9/9
  5051 | D:6      | Reached skill level 13 in Axes
  5193 | D:7      | Found a sacrificial altar of Ru.
  5253 | D:7      | Gained mutation: You expend magic power (3 MP) to strengthen your wands. [mutagenic meat]
  5254 | D:7      | Gained mutation: You are somewhat resistant to further mutation. [mutagenic meat]
  5656 | D:7      | Found a glowing golden altar of the Shining One.
  5947 | D:7      | Found a shadowy altar of Dithmenos.
  6003 | D:8      | Found a hide-covered altar of Uskayaw.
  6005 | D:8      | Noticed Erica
  6024 | D:8      | Killed Erica
  6024 | D:8      | Reached skill level 14 in Axes
  6189 | D:8      | Noticed ThereIsNoGod's ghost (novice TrFi)
  6243 | D:8      | Reached skill level 15 in Axes
  6262 | D:8      | Killed ThereIsNoGod's ghost
  6262 | D:8      | Reached XP level 10. HP: 55/87 MP: 9/9
  6343 | D:8      | Reached skill level 5 in Fighting
  6396 | D:8      | Found Zin's Purification Station.
  6396 | D:8      | Found a glowing silver altar of Zin.
  6610 | D:8      | Found a shattered altar of Ashenzari.
  7075 | D:9      | Got a steaming ruby amulet
  7076 | D:9      | Identified the amulet of the Sun {Harm *Drain rF++ Dex-5} (You found it on level 9 of the Dungeon)
  7083 | D:9      | Found a radiant altar of Vehumet.
  7294 | D:9      | Noticed a two-headed ogre
  7332 | D:9      | Killed a two-headed ogre
  7514 | D:9      | Noticed an ice statue
  7608 | D:10     | Entered Level 10 of the Dungeon
  7608 | D:10     | Found a glowing silver altar of Zin.
  7852 | D:10     | Noticed Urug
  7942 | D:11     | Reached XP level 11. HP: 45/106 MP: 10/10
  8009 | D:11     | Noticed Fannar
  8122 | D:11     | You fall through a shaft!
  8122 | D:12     | Found Jelyosk's Distillery.
  8365 | D:12     | Reached skill level 10 in Fighting
  8422 | D:12     | Noticed Gastronok
  8460 | D:12     | Killed Gastronok
  8570 | D:12     | Noticed an eight-headed hydra
  8611 | D:12     | Noticed a deep elf mage
  8619 | D:12     | Killed a deep elf mage
  8678 | D:11     | Noticed a death yak
  8682 | D:11     | Noticed a death yak
  8688 | D:11     | HP: 3/165 [death yak (8)]
  8691 | D:11     | Noticed a death yak
  8712 | D:12     | Slain by an eight-headed hydra

Skill      XL: |  1  2  3  4  5  6  7  8  9 10 11 |
---------------+----------------------------------+-----
Fighting       | 3 4 9 10 | 10.9
Axes           | 4 5 6 7 8 10 12 15 | 15.0
Dodging        | 4 |  4.2
Armour         | |  2.1

Action                   |  1- 3 |  4- 6 |  7- 9 | 10-12 || total
-------------------------+-------+-------+-------+-------++-------
Melee: Hand axe          |   112 |   176 |   490 |   378 ||  1156
Invok: Berserk           |     2 |     8 |    17 |    13 ||    40
       Trog's Hand       |       |     3 |    12 |    14 ||    29
 Abil: Heal Wounds       |       |     1 |     2 |     1 ||     4
Evoke: Wand              |       |       |     4 |     5 ||     9
  Use: Scroll            |       |     5 |     4 |     2 ||    11
       Potion            |       |       |     4 |     7 ||    11
 Stab: Sleeping          |     3 |       |     2 |     1 ||     6
       Distracted        |       |       |     2 |       ||     2
  Eat: Chunk             |     2 |    12 |    30 |    19 ||    63
       Fruit             |     1 |     1 |     2 |     2 ||     6
       Bread ration      |       |       |     1 |     2 ||     3
Armor: Animal skin       |     3 |       |       |       ||     3
       Leather armour    |    24 |    42 |    99 |    47 ||   212
       Skin              |       |       |     6 |       ||     6
       Troll leather arm |       |       |       |    26 ||    26
Dodge: Dodged            |    83 |   105 |   172 |   142 ||   502
